 Dungeon Crawl Stone Soup version 0.22-a0-157-g169b76a (webtiles) character file.

90460 ohad the Executioner (level 16, -10/137 HPs)
             Began as a Hill Orc Berserker on Dec 19, 2017.
             Was the Champion of Trog.
             Splashed by an oklob plant's acid (15 damage)
             ... on level 3 of the Lair of Beasts on Feb 8, 2018.
             The game lasted 01:14:08 (29719 turns).

ohad the Executioner (Hill Orc Berserker)          Turns: 29719, Time: 01:14:10

Health: -10/137    AC: -2    Str: 20    XL:     16   Next: 0%
Magic:  0/19       EV: 13    Int: 10    God:    Trog [******]
Gold:   2069       SH:  5    Dex: 15    Spells: 15/15 levels left

rFire    + . .     SeeInvis +   T - +4 broad axe (vamp)
rCold    . . .     Gourm    .   (no shield)
rNeg     . . .     Faith    .   M - +1 chain mail {rF+}
rPois    +         Spirit   +   I - +2 helmet
rElec    +         Reflect  +   y - scarf {Spirit}
rCorr    .         Harm     .   (no gloves)
MR       +....                  (no boots)
Stlth    ..........             d - amulet of Iwkuot {Reflect +Fly SH+5 SInv}
HPRegen  0.32/turn              k - +1 ring of protection
MPRegen  0.16/turn              S - ring "Woavvumpomm" {+Fly rElec rPois Int+3 Slay+3}

@: corroded
A: weak 1, no potion heal 1
a: Berserk, Trog's Hand, Brothers in Arms, Burn Spellbooks, Renounce Religion,
Evoke Flight


You were on level 3 of the Lair of Beasts.
You worshipped Trog.
Trog was exalted by your worship.
You were not hungry.

You visited 3 branches of the dungeon, and saw 23 of its levels.
You also visited: Sewer, Ossuary and Volcano.

You collected 2616 gold pieces.
You spent 547 gold pieces at shops.

Inventory:

Hand Weapons
 a - a +5 antimagic executioner's axe
 b - a +2 broad axe of flaming
 n - a +3 antimagic executioner's axe
 C - a +0 arbalest
 T - a +4 vampiric broad axe (weapon)
 Y - a +4 blowgun
Missiles
 f - 177 bolts
 j - 89 poisoned needles
 w - 28 tomahawks (quivered)
 D - 6 javelins of penetration
 L - 11 poisoned tomahawks
Armour
 l - a +0 chain mail of cold resistance
 y - a scarf of spirit shield (worn)
 I - a +2 helmet (worn)
 M - a +1 chain mail of fire resistance (worn)
 N - the +0 chain mail of the Wheelwright {Dex+3}
   (You found it on level 6 of the Lair of Beasts)

   It affects your dexterity (+3).
Jewellery
 d - the amulet of Iwkuot (around neck) {Reflect +Fly SH+5 SInv}
   (You acquired it on level 9 of the Dungeon)

   [amulet of reflection]

   It shields you and reflects attacks.
   It lets you see invisible.
   It lets you fly.
   It affects your SH (+5).
 k - a +1 ring of protection (left hand)
 z - an uncursed ring of magical power
 H - an uncursed ring of stealth
 S - the ring "Woavvumpomm" (right hand) {+Fly rElec rPois Int+3 Slay+3}
   (You found it on level 14 of the Dungeon)

   [ring of flight]

   It affects your intelligence (+3).
   It affects your accuracy and damage with ranged weapons and melee attacks
   (+3).
   It insulates you from electricity.
   It protects you from poison.
   It lets you fly.
 W - an uncursed ring of poison resistance
 Z - an uncursed amulet of regeneration
Wands
 p - a wand of iceblast (21)
 t - a wand of polymorph (7)
 J - a wand of disintegration (32)
 K - a wand of digging (26)
 R - a wand of acid (8)
Scrolls
 g - 3 scrolls of immolation
 h - 3 scrolls of remove curse
 m - 7 scrolls of magic mapping
 B - 14 scrolls of identify
 F - 4 scrolls of teleportation
 O - a scroll of holy word
 P - 3 scrolls of fog
Potions
 e - 3 potions of resistance
 i - 9 potions of curing
 o - 3 potions of agility
 q - 2 potions of ambrosia
 r - 3 potions of haste
 s - 2 potions of heal wounds
 v - a potion of cancellation {unknown}
 A - 4 potions of flight
 E - a potion of brilliance
 Q - 6 potions of might
 U - 3 potions of invisibility
Miscellaneous
 u - a phial of floods
 x - a fan of gales
 V - a lightning rod (4/4)
 X - a box of beasts
Comestibles
 c - 33 rations


   Skills:
 - Level 11.1 Fighting
 - Level 24.0 Axes
 - Level 5.1 Throwing
 - Level 10.6 Armour
 + Level 10.2 Dodging
 - Level 4.5 Evocations


You had 15 spell levels left.
You didn't know any spells.

Dungeon Overview and Level Annotations

Branches:
Dungeon (15/15)            Temple (0/1) D:7            Lair (6/6) D:9
 Shoals (0/4) Lair:4       Spider (0/4) Lair:2        Slime (0/5) Lair:6
    Orc (2/2) D:9             Elf (0/3) Orc:2        Vaults (0/5) D:13
 Depths (0/5) D:15

Altars:
Elyvilon
Fedhas
Kikubaaqudgha
Ru
Beogh
Jiyva

Shops:
D:6 (   Orc:2 }[(?

Annotations:
Lair:3 exclusion: 6 oklob plants


Innate Abilities, Weirdness & Mutations

You are weak. (Str -2)
Potions are less effective at restoring your health.


Message History

The acid burns!
The oklob plant spits acid at you. The splash of acid hits you!
The acid corrodes you!
You are splashed with acid!
The acid burns!
The oklob plant spits acid at you. The splash of acid hits you!
You are splashed with acid!
The acid burns!
The oklob plant spits acid at you. The splash of acid hits you!
The acid corrodes you!
You are splashed with acid!
The acid burns!
* * * LOW HITPOINT WARNING * * *
The oklob plant spits acid at you. The splash of acid hits you!
* * * LOW HITPOINT WARNING * * *
The acid corrodes you!
You are splashed with acid!
The acid burns!
* * * LOW HITPOINT WARNING * * *
The oklob plant spits acid at you. The splash of acid hits you!
* * * LOW HITPOINT WARNING * * *
The acid corrodes you!
You are splashed with acid!
The acid burns!
You die...

## #..................##
.####..................#
......#.##......########
.......#####....#PPPPPP#
......## ##....#≈≈≈≈≈≈#
.......# #..)..#≈....≈#
##.....#####....#......###
#........##.....#.......>#
#...............@.......>#
#...!...........#.......>#
PP..............#....(.###
................#≈....≈#
###.#....###.####≈≈≈≈≈≈#
####.### ###


#PPPPPP# ### ######## You could see 3 oklob plants.

Vanquished Creatures
  Nessos (Lair:5)
  A red draconian (Volcano)
  A fire dragon (D:13)
  Josephine (Lair:4)
  3 ogre magi
  The ghost of 4thArraOfDagon the Severer, a journeyman DDEn of Makhleb (D:14)
  10 hydras
  A vault guard (D:13)
  2 centaur warriors (D:14)
  A catoblepas (Lair:6)
  17 two-headed ogres
  The ghost of Curus the Severer, a novice HOAK of Lugonu (D:10)
  A deep troll shaman (Lair:6)
  11 death yaks (Lair:6)
  2 unseen horrors
  2 deep trolls (Orc:2)
  A harpy (shapeshifter) (D:15)
  2 lindwurms
  An orc knight (Orc:1)
  A deep elf mage (D:10)
  4 cyclopes
  A manticore (D:15)
  8 elephants
  4 ugly things
  A guardian serpent (shapeshifter) (D:13)
  A water nymph (shapeshifter) (D:15)
  10 black mambas
  A black mamba (shapeshifter) (D:15)
  A torpor snail (Lair:6)
  8 spiny frogs
  2 molten gargoyles (Volcano)
  3 gargoyles
  2 rime drakes
  A kobold demonologist (D:11)
  A centaur skeleton (D:15)
  6 komodo dragons
  A freezing wraith (D:13)
  5 yaktaurs (D:15)
  2 polar bears (Lair:6)
  11 trolls
  A hornet (D:10)
  The ghost of kae the Ruffian, an amateur DrTm of Wu Jian (D:5)
  13 blink frogs
  11 hippogriffs
  4 slime creatures (D:15)
  Prince Ribbit (D:6)
  4 dream sheep (Lair:6)
  A tarantella (shapeshifter) (D:15)
  3 spriggans (Lair:1)
  2 shadows
  A vampire (D:13)
  6 wyverns
  4 wraiths (Lair:4)
  Eustachio (D:6)
  4 basilisks
  5 fire bats (Volcano)
  25 yaks
  3 hungry ghosts
  4 vampire mosquitoes
  3 acid dragons
  A soldier ant (D:15)
  13 water moccasins
  A warg (Orc:1)
  Duvessa (D:6)
  13 porcupines
  3 sky beasts
  15 orc warriors
  3 black bears
  An eye of draining (D:14)
  5 ice beasts
  26 ogres
  3 boggarts (D:15)
  7 wolves (Lair:6)
  2 phantoms
  A necrophage (D:9)
  20 centaurs
  3 big kobolds
  10 crocodiles
  An elf zombie (Ossuary)
  14 bullfrogs
  A gnoll sergeant (D:10)
  Dowan (D:6)
  3 scorpions
  3 wights (D:10)
  3 howler monkeys (D:10)
  4 centaur zombies
  6 crimson imps
  9 lava snakes
  2 bullfrog zombies (D:9)
  26 orc priests
  2 hounds
  2 jellies
  18 orc wizards
  Crazy Yiuf (D:6)
  A bullfrog skeleton (D:8)
  Jessica (D:2)
  2 iguanas
  Natasha (thrice) (D:2)
  8 worker ants
  A killer bee zombie (D:5)
  A big kobold zombie (Ossuary)
  2 mummies (Ossuary)
  A worker ant zombie (D:10)
  Robin (D:3)
  5 gnolls (D:10)
  11 adders
  3 river rats (Sewer)
  An adder zombie (D:8)
  2 worms
  6 leopard geckos
  93 orcs
  6 bats
  5 giant cockroaches
  9 goblins
  11 hobgoblins
  17 jackals
  12 kobolds
  4 quokkas
  A ball python (D:1)
  3 frilled lizards
  2 goblin zombies (Ossuary)
  12 hobgoblin zombies (Ossuary)
  3 jackal zombies (Ossuary)
  6 kobold zombies (Ossuary)
  9 orc zombies
  A quokka skeleton (D:4)
  5 rats
  2 rat zombies (Ossuary)
  3 fungi (D:9)
  A plant (Lair:1)
709 creatures vanquished.

Vanquished Creatures (others)
  8 fungi (Lair:6)
  12 plants
20 creatures vanquished.

Grand Total: 729 creatures vanquished

Notes
Turn   | Place    | Note
-------+----------+-------------------------------------------
     0 | D:1      | ohad the Hill Orc Berserker began the quest for the Orb.
     0 | D:1      | Reached XP level 1. HP: 19/19 MP: 1/1
   126 | D:1      | Reached XP level 2. HP: 19/26 MP: 2/2
   271 | D:1      | Reached skill level 5 in Axes
   602 | D:2      | Noticed Jessica
   607 | D:2      | Killed Jessica
   607 | D:2      | Reached XP level 3. HP: 25/31 MP: 3/3
   633 | D:2      | Reached skill level 6 in Axes
   915 | D:2      | Reached XP level 4. HP: 26/39 MP: 4/4
  1164 | D:2      | Reached ** piety under Trog
  1485 | D:2      | Noticed Natasha
  1502 | D:2      | Killed Natasha
  1502 | D:2      | Reached skill level 7 in Axes
  1722 | D:2      | Noticed Natasha
  1731 | D:2      | Killed Natasha
  1731 | D:2      | Reached XP level 5. HP: 21/45 MP: 5/5
  2062 | D:2      | Noticed Natasha
  2071 | D:2      | Killed Natasha
  2278 | D:3      | Reached skill level 8 in Axes
  2408 | D:3      | Noticed Robin
  2415 | D:3      | Killed Robin
  2958 | D:3      | Reached XP level 6. HP: 51/51 MP: 6/6
  3371 | D:3      | Reached *** piety under Trog
  3469 | D:3      | Reached skill level 9 in Axes
  3699 | D:4      | Noticed a phantom
  3732 | D:4      | Reached skill level 10 in Axes
  3732 | D:4      | Reached XP level 7. HP: 57/57 MP: 7/7
  4296 | D:4      | Reached skill level 11 in Axes
  4656 | D:5      | Entered Level 5 of the Dungeon
  4669 | D:5      | Noticed kae's ghost (amateur DrTm)
  4683 | D:5      | Killed kae's ghost
  4683 | D:5      | Reached skill level 12 in Axes
  4683 | D:5      | Reached XP level 8. HP: 64/64 MP: 8/8
  5078 | D:5      | Found a glowing drain.
  5112 | Sewer    | Entered a sewer
  5309 | Sewer    | Reached **** piety under Trog
  5676 | Sewer    | Found a white marble altar of Elyvilon.
  6104 | D:6      | Found a white marble altar of Elyvilon.
  6122 | D:6      | Reached skill level 13 in Axes
  6483 | D:6      | Noticed Eustachio
  6484 | D:6      | Noticed Prince Ribbit
  7040 | D:6      | Noticed Duvessa
  7056 | D:6      | Noticed Dowan
  7072 | D:6      | Killed Duvessa
  7072 | D:6      | Reached skill level 14 in Axes
  7094 | D:6      | Killed Dowan
  7094 | D:6      | Reached XP level 9. HP: 57/70 MP: 7/9
  7144 | D:6      | Found Oluxky's Weapon Boutique.
  7295 | D:6      | Killed Eustachio
  7471 | D:6      | Killed Prince Ribbit
  7585 | D:6      | Found a runed door.
  7722 | D:6      | Noticed Crazy Yiuf
  7734 | D:6      | Killed Crazy Yiuf
  8041 | D:7      | Found a staircase to the Ecumenical Temple.
  8072 | D:7      | Reached skill level 15 in Axes
  8256 | D:7      | Killed an unseen horror
  8256 | D:7      | Reached skill level 16 in Axes
  8426 | D:7      | Found a sand-covered staircase.
  8435 | Ossuary  | Entered an ossuary
  8529 | Ossuary  | Reached ***** piety under Trog
  8573 | Ossuary  | Reached XP level 10. HP: 80/80 MP: 10/10
  8731 | D:7      | Reached skill level 5 in Fighting
  8903 | D:8      | Found an ancient bone altar of Kikubaaqudgha.
  9043 | D:8      | Noticed a two-headed ogre
  9048 | D:8      | Killed a two-headed ogre
  9150 | D:8      | Found a sacrificial altar of Ru.
  9350 | D:8      | Found a roughly hewn altar of Beogh.
  9581 | D:8      | Reached skill level 5 in Armour
 10010 | D:9      | Identified a scroll of acquirement
 10011 | D:9      | Got a fine zirconium amulet
 10173 | D:9      | Found a staircase to the Lair.
 10316 | D:9      | Found a staircase to the Orcish Mines.
 10743 | D:9      | Found a roughly hewn altar of Beogh.
 10994 | Lair:1   | Entered Level 1 of the Lair of Beasts
 11039 | D:10     | Entered Level 10 of the Dungeon
 11075 | D:10     | Noticed a deep elf mage
 11109 | D:10     | Killed a deep elf mage
 11109 | D:10     | Reached XP level 11. HP: 46/95 MP: 11/11
 11454 | D:10     | Noticed a two-headed ogre
 11465 | D:10     | Killed a two-headed ogre
 11634 | D:10     | Identified the amulet of Iwkuot {Reflect +Fly SH+5 SInv} (You acquired it on level 9 of the Dungeon)
 11685 | D:10     | Noticed Curus's ghost (novice HOAK)
 11696 | D:10     | Killed Curus's ghost
 11696 | D:10     | Reached skill level 5 in Dodging
 12820 | Lair:1   | Reached ****** piety under Trog
 12828 | Lair:1   | Received a gift from Trog
 12831 | Lair:1   | Reached skill level 10 in Fighting
 12927 | Lair:1   | Noticed a five-headed hydra
 12944 | Lair:1   | Killed a one-headed hydra
 13542 | Lair:2   | Reached skill level 17 in Axes
 13607 | Lair:2   | Reached XP level 12. HP: 29/106 MP: 1/12
 14302 | Lair:2   | Reached skill level 18 in Axes
 14397 | Lair:2   | Found a hole to the Spider Nest.
 15633 | Lair:3   | Found a blossoming altar of Fedhas.
 15783 | Lair:3   | Reached skill level 19 in Axes
 15846 | Lair:3   | Found a dark tunnel.
 15887 | Volcano  | Entered a volcano
 16488 | Volcano  | Noticed a two-headed ogre
 16494 | Volcano  | Killed a two-headed ogre
 16494 | Volcano  | Received a gift from Trog
 16656 | Volcano  | Found a bloodstained altar of Trog.
 16656 | Volcano  | Noticed a two-headed ogre
 16656 | Volcano  | Noticed an ogre mage
 16656 | Volcano  | Noticed a two-headed ogre
 16660 | Volcano  | Killed a two-headed ogre
 16664 | Volcano  | Killed an ogre mage
 16664 | Volcano  | Reached skill level 20 in Axes
 16667 | Volcano  | Killed a two-headed ogre
 16743 | Volcano  | Noticed a two-headed ogre
 16750 | Volcano  | Killed a two-headed ogre
 16843 | Volcano  | Noticed a red draconian
 16866 | Volcano  | Killed a red draconian
 16866 | Volcano  | Reached XP level 13. HP: 49/113 MP: 4/13
 17267 | Lair:3   | Reached skill level 21 in Axes
 18721 | D:11     | Found a roughly hewn altar of Beogh.
 19739 | D:13     | Noticed a vault guard
 19750 | D:13     | Killed a vault guard
 19788 | D:13     | Noticed a fire dragon
 19800 | D:13     | Killed a fire dragon
 20134 | D:13     | Found a gate to the Vaults.
 20443 | D:13     | Received a gift from Trog
 20723 | D:14     | Noticed 4thArraOfDagon's ghost (journeyman DDEn)
 20761 | D:14     | Killed 4thArraOfDagon's ghost
 20990 | D:14     | Reached skill level 22 in Axes
 21199 | D:14     | Got a scintillating lead ring
 21405 | D:15     | Entered Level 15 of the Dungeon
 21416 | D:15     | Received a gift from Trog
 21416 | D:15     | Reached XP level 14. HP: 20/121 MP: 1/14
 21778 | D:15     | Identified the ring "Woavvumpomm" {+Fly rElec rPois Int+3 Slay+3} (You found it on level 14 of the Dungeon)
 22227 | D:15     | Reached skill level 23 in Axes
 22698 | D:15     | Found a staircase to the Depths.
 23013 | Orc:1    | Entered Level 1 of the Orcish Mines
 23192 | Orc:2    | Entered Level 2 of the Orcish Mines
 23192 | Orc:2    | Found a staircase to the Elven Halls.
 23287 | Orc:2    | Found Lass's Magic Scroll Shop.
 23292 | Orc:2    | Received a gift from Trog
 23734 | Orc:2    | Reached skill level 24 in Axes
 23763 | Orc:2    | Reached skill level 10 in Armour
 24005 | Orc:2    | Found Odghutz's Weapon Shop.
 24007 | Orc:2    | Found Zoxteh's Antique Armour Shoppe.
 24008 | Orc:2    | Bought a scroll of blinking for 135 gold pieces
 24032 | Orc:2    | Bought a scroll of enchant weapon for 135 gold pieces
 24040 | Orc:2    | Found Bocee's Gadget Boutique.
 24044 | Orc:2    | Bought a glowing chain mail for 277 gold pieces
 24385 | Orc:1    | Found a roughly hewn altar of Beogh.
 24508 | Orc:1    | Reached XP level 15. HP: 122/128 MP: 13/15
 24843 | Lair:1   | Upgraded the game from 0.21-a0-582-g1b93aee to 0.21-a0-584-g185da8e
 25996 | Lair:4   | Noticed Josephine
 26003 | Lair:4   | Killed Josephine
 26003 | Lair:4   | Received a gift from Trog
 26003 | Lair:4   | Reached skill level 1 in Evocations
 26034 | Lair:4   | Found a staircase to the Shoals.
 26555 | Lair:5   | Noticed Nessos
 26566 | Lair:5   | Killed Nessos
 26727 | Lair:5   | Reached skill level 1 in Throwing
 27232 | Lair:6   | Entered Level 6 of the Lair of Beasts
 27257 | Lair:6   | Found a staircase to the Slime Pits.
 27258 | Lair:6   | Found a viscous altar of Jiyva.
 27873 | Lair:6   | Reached skill level 5 in Throwing
 28348 | Lair:6   | Received a gift from Trog
 28397 | Lair:6   | Gained mutation: Potions are less effective at restoring your health. [mutagenic glow]
 28432 | Lair:6   | Gained mutation: You are weak. (Str -2) [mutagenic glow]
 28473 | Lair:6   | Upgraded the game from 0.21-a0-584-g185da8e to 0.21-a0-625-g1119ec1
 28473 | Lair:6   | Upgraded the game from 0.21-a0-625-g1119ec1 to 0.22-a0-157-g169b76a
 29392 | Lair:6   | Reached skill level 10 in Dodging
 29429 | Lair:6   | Reached XP level 16. HP: 105/137 MP: 14/19
 29470 | Lair:6   | Found the +4 Vampire's Tooth {vamp}
 29482 | Lair:6   | Got a jacinth-encrusted chain mail
 29509 | Lair:6   | Identified the +0 chain mail of the Wheelwright {Dex+3} (You found it on level 6 of the Lair of Beasts)
 29719 | Lair:3   | HP: 5/137 [oklob plant/splash of acid (13)]
 29719 | Lair:3   | Splashed by an oklob plant's acid

Vault maps used:
D:1:      scummos_arrival_gate
D:2:      minmay_split_cup_small, uniq_natasha, uniq_jessica
D:3:      first_ration, uniq_robin
D:4:      hangedman_decor_riveting
D:5:      cheibrodos_sewer_entry_bend, bh_chokoban
D:6:      serial_shops, nicolae_shop_waterfront, elyvilon_altar_1,
          uniq_prince_ribbit1, uniq_duvessa, uniq_crazy_yiuf_cottage,
          uniq_eustachio
D:7:      minmay_temple_entry_junction_2, enter_ossuary_3
D:8:      overflow_temple_1_default, special_room, basic_altar
D:9:      grunt_lair_entry_orc_guard_hut, minmay_orc_entry_temple_small,
          blue_anna_alchemist
D:10:     minmay_librarian
D:11:     st_stairs_2, david_defended_altar_orc
D:13:     david_vaults_4
D:14:     serial_park_tiny_pond
D:15:     gammafunk_enter_depths_forms
Lair:1:   st_stairs_3, wad_woods_02
Lair:2:   dummy_spider_entry, grunt_megastairs_4, lemuel_fruit_tree
Lair:3:   dpeg_oklob_gauntlet, basic_altar, nicolae_volcano_entry_lava_flow,
          minmay_lair_oklob_chamber
Lair:4:   minmay_shoals_entry_centaurs, uniq_josephine
Lair:5:   disabler_island, uniq_nessos
Lair:6:   grunt_lair_end_beastmaster, slime_altar_1
Orc:1:    basic_altar, nicolae_orc_damp_corner, minmay_orc_keep
Orc:2:    st_orc_open
Sewer:    sewer_kobolds
Ossuary:  ossuary_tomb_1
Volcano:  volcano_grotto

Skill      XL: |  1  2  3  4  5  6  7  8  9 10 11 12 13 14 15 |
---------------+----------------------------------------------+-----
Axes           | 5 6 7 8 10 12 14 16 17 20 22 24 | 24.0
Fighting       | 4 8 10 11 | 11.1
Armour         | 3 6 8 9 10 | 10.6
Dodging        | 2 4 5 7 10 | 10.2
Evocations     | 4 |  4.5
Throwing       | 5 |  5.1

Action                   |  1- 3 |  4- 6 |  7- 9 | 10-12 | 13-15 | 16-18 || total
-------------------------+-------+-------+-------+-------+-------+-------++-------
Melee: Hand axe          |    60 |   165 |   300 |       |       |       ||   525
       War axe           |       |       |   173 |   551 |       |       ||   724
       Executioner's axe |       |       |       |   136 |   348 |       ||   484
       Broad axe         |       |       |       |    28 |   646 |     9 ||   683
 Fire: Blowgun           |       |       |     6 |       |       |       ||     6
Invok: Berserk           |     1 |     4 |     5 |    10 |     2 |       ||    22
       Trog's Hand       |       |       |     1 |     2 |       |       ||     3
       Brothers in Arms  |       |       |       |       |     1 |       ||     1
 Abil: Evoke Flight      |       |       |       |       |     1 |       ||     1
  Use: Scroll            |       |       |     6 |    19 |     9 |       ||    34
       Potion            |       |       |       |     3 |     2 |       ||     5
 Stab: Sleeping          |     1 |       |       |       |       |       ||     1
       Petrified         |       |       |       |       |     1 |       ||     1
  Eat: Chunk             |     1 |     8 |    10 |    31 |    28 |       ||    78
       Ration            |       |     1 |     4 |     3 |    11 |       ||    19
Armor: Animal skin       |    21 |    14 |       |       |       |       ||    35
       Ring mail         |       |     9 |    11 |       |       |       ||    20
       Scale mail        |       |       |   114 |    50 |       |       ||   164
       Chain mail        |       |       |       |   184 |   369 |     1 ||   554
Dodge: Dodged            |    56 |    94 |   183 |   269 |   453 |     2 ||  1057
Block: Other             |       |       |       |    85 |   194 |       ||   279
       Reflection        |       |       |       |     2 |    10 |       ||    12

Table legend:
 A = Spawn XP
 B = Non-spawn XP
 C = Spawn XP percentage of total XP
 D = Spawn monster count
 E = Non-spawn monster count
 F = Spawn count percentage of total count
 G = Total turns spent on level
                    A         B        C        D         E        F      G
               +---------+---------+-------+---------+---------+-------+---------
         Total |       0 |  129229 |   0.0 |       0 |     705 |   0.0 | 29719
               +---------+---------+-------+---------+---------+-------+---------
           D:1 |       0 |      22 |   0.0 |       0 |      14 |   0.0 |   588
           D:2 |       0 |     214 |   0.0 |       0 |      26 |   0.0 |  1861
           D:3 |       0 |     182 |   0.0 |       0 |      26 |   0.0 |  1115
           D:4 |       0 |     575 |   0.0 |       0 |      24 |   0.0 |  1131
           D:5 |       0 |     512 |   0.0 |       0 |      10 |   0.0 |   702
           D:6 |       0 |    1468 |   0.0 |       0 |      21 |   0.0 |  1871
           D:7 |       0 |    1596 |   0.0 |       0 |      20 |   0.0 |   782
           D:8 |       0 |    1800 |   0.0 |       0 |      46 |   0.0 |  1087
           D:9 |       0 |    2165 |   0.0 |       0 |      32 |   0.0 |  1146
          D:10 |       0 |    4257 |   0.0 |       0 |      36 |   0.0 |  1704
          D:11 |       0 |    1689 |   0.0 |       0 |      17 |   0.0 |   576
          D:12 |       0 |    1852 |   0.0 |       0 |      11 |   0.0 |   668
          D:13 |       0 |    6015 |   0.0 |       0 |      19 |   0.0 |  1255
          D:14 |       0 |    5682 |   0.0 |       0 |      26 |   0.0 |  1013
          D:15 |       0 |   14631 |   0.0 |       0 |      42 |   0.0 |  1172
        Lair:1 |       0 |    3538 |   0.0 |       0 |      17 |   0.0 |   836
        Lair:2 |       0 |    5008 |   0.0 |       0 |      19 |   0.0 |  1757
        Lair:3 |       0 |    7897 |   0.0 |       0 |      27 |   0.0 |  2171
        Lair:4 |       0 |    4460 |   0.0 |       0 |      16 |   0.0 |  1105
        Lair:5 |       0 |    9234 |   0.0 |       0 |      30 |   0.0 |   870
        Lair:6 |       0 |   27393 |   0.0 |       0 |      62 |   0.0 |  2414
         Orc:1 |       0 |    4718 |   0.0 |       0 |      44 |   0.0 |  1060
         Orc:2 |       0 |   15895 |   0.0 |       0 |      51 |   0.0 |   734
         Sewer |       0 |     152 |   0.0 |       0 |      11 |   0.0 |   608
       Ossuary |       0 |     243 |   0.0 |       0 |      38 |   0.0 |   237
       Volcano |       0 |    8031 |   0.0 |       0 |      20 |   0.0 |  1256
               +---------+---------+-------+---------+---------+-------+---------
